 Dungeon Crawl Stone Soup version 0.29.1-15-g9cfb28693d (webtiles) character file.

Game seed: 12391161290897869372

959 cowcol the Cleaver (level 7, -2/93 (94) HPs)
             Began as a Minotaur Fighter on Apr 4, 2023.
             Slain by a lemure (5 damage)
             ... led by Pikel
             ... on level 4 of the Dungeon.
             The game lasted 00:14:01 (5626 turns).

cowcol the Cleaver (Minotaur Fighter)               Turns: 5626, Time: 00:14:01

HP:   -2/93 (94)    AC: 23    Str: 21    XL:     7   Next: 92%
MP:   6/6           EV:  2    Int:  5    God:
Gold: 128           SH:  4    Dex: 11    Spells: 6/6 levels left

rFire   . . .      SeeInvis .   a - +0 war axe
rCold   . . .      Faith    .   c - +0 buckler
rNeg    . . .      Spirit   .   (body armour currently unavailable)
rPois   +          Reflect  .   (helmet currently unavailable)
rElec   .          Harm     .   (cloak currently unavailable)
rCorr   .          Rampage  .   (gloves currently unavailable)
Will    .....      NoTele   +   (boots currently unavailable)
Stlth   +.........              (no amulet)
HPRegen 0.25/turn               (no ring)
MPRegen 0.10/turn               (no ring)

@: tree-form, lightly drained
A: stationary, stasis, torment immunity, boosted hp, (horns 2), (retaliatory
headbutt)
a: no special abilities


You were on level 4 of the Dungeon.
You were a tree.
You visited 1 branch of the dungeon, and saw 5 of its levels.

You collected 148 gold pieces.
You spent 20 gold pieces at shops.

Inventory:

Hand Weapons
 a - a +0 war axe (weapon)
 q - a +0 club
Missiles
 p - 2 throwing nets
 u - 5 boomerangs (quivered)
Armour
 b - a +0 scale mail
 c - a +0 buckler (worn)
 l - a +1 pair of boots (melded)
 o - a +2 scale mail of fire resistance
 v - a +0 chain mail (melded)
Jewellery
 d - a ring of flight
 s - an amulet of faith
Wands
 m - a wand of roots (13)
Scrolls
 f - a scroll of identify
 g - 2 scrolls of immolation
 j - a scroll of silence
 k - a scroll of torment
 n - a scroll of fear
Potions
 i - a potion of mutation {unknown}
 r - a potion of heal wounds {unknown}
 t - a potion of magic


   Skills:
 + Level 6.0 Fighting
 + Level 8.1 Axes
 + Level 0.6 Throwing
 + Level 6.8 Armour
 - Level 3.6 Shields


You had 6 spell levels left.
You didn't know any spells.
Your spell library contained the following spells:

 Spells                   Type           Power      Damage    Failure   Level
 Beastly Appendage        Tmut           0%         N/A       56%         1
 Blink                    Tloc           0%         N/A       71%         2
 Ensorcelled Hibernation  Hex/Ice        0%         N/A       71%         2
 Passwall                 Tmut/Erth      0%         N/A       71%         2
 Wereblood                Tmut           0%         N/A       71%         2
 Lesser Beckoning         Tloc           0%         N/A       91%         3
 Spider Form              Tmut/Pois      0%         N/A       91%         3
 Swiftness                Air            0%         N/A       91%         3
 Manifold Assault         Tloc           0%         N/A       100%        5


Dungeon Overview and Level Annotations

Branches:
Dungeon (5/15)
 Temple: D:4-7

Altars:
Dithmenos
Gozag
Vehumet
Xom

Shops:
D:1 (:?(

Annotations:
D:5 Grinder, Pikel


Innate Abilities, Weirdness & Mutations

You are a tree.
Your roots penetrate the ground, keeping you stationary.
You cannot be teleported.
You are immune to unholy pain and torment.
Your maximum health is greatly increased.
Your equipment is partially melded.
((You have a pair of horns on your head.))
((You reflexively headbutt those who attack you in melee.))


Message History

The lemure hits you.
* * * LOW HITPOINT WARNING * * *
The lemure hits you but does no damage. x2
Unknown command.
You hit the lemure but do no damage.
The lemure is moderately wounded.
You hit the lemure.
You are no longer corroded.
The lemure hits you but does no damage. The lemure hits you.
* * * LOW HITPOINT WARNING * * *
You closely miss the lemure.
The lemure is moderately wounded.
You hit the lemure. The lemure barely misses you.
The lemure hits you but does no damage.
Unknown command.
You hit the lemure.
The lemure is moderately wounded.
You hit the lemure. The lemure hits you but does no damage.
The lemure barely misses you.
You closely miss the lemure.
The lemure is moderately wounded.
You hit the lemure. The lemure barely misses you.
The lemure hits you but does no damage.
Unknown command.
You closely miss the lemure.
The lemure is moderately wounded.
You barely miss the lemure.
The lemure hits you but does no damage. x2
You hit the lemure.
The lemure is heavily wounded.
You slash the lemure!
The lemure hits you but does no damage. x2
Unknown command.
You barely miss the lemure.
The lemure is heavily wounded.
You hit the lemure.
You kill the lemure!
That felt strangely unrewarding.
The lemure hits you but does no damage.
You hit the lemure.
The lemure is heavily wounded.
The lemure hits you but does no damage. The lemure hits you.
You die...

################
...[)..........#
##############.# #...# #.#
###...########.#
......#.....##.#
......#.###.##.#
......#.#...##'##############
......#.#.......♣...#.......#
................5...#>......#
#######.####........#.......#
.)......#......#....'.......#
#########.#.......###.......#
#########.#.####..###.[.....#
.....))...#.# #............#
###########.####.......####.#
..#..######....).......######


You could see a lemure.

Vanquished Creatures
  Sigmund (D:3)
  A black bear (D:5)
  2 lemures (D:4)
  2 necrophages (D:5)
  2 scorpions (D:5)
  2 jellies (D:4)
  An orc priest (D:4)
  2 hounds
  3 orc wizards
  Robin (D:2)
  4 gnolls (D:4)
  7 adders
  2 ufetubi
  A dart slug (D:2)
  20 orcs
  6 bats
  7 endoplasms
  4 giant cockroaches
  13 goblins
  10 hobgoblins
  2 quokkas
  11 ball pythons
  A frilled lizard (D:2)
  5 kobolds
  6 rats
116 creatures vanquished.

Notes
Turn   | Place    | Note
-------+----------+-------------------------------------------
     0 | D:1      | cowcol the Minotaur Fighter began the quest for the Orb.
     0 | D:1      | Reached XP level 1. HP: 19/19 MP: 0/0
    58 | D:1      | Found Mohuile's Weapon Shoppe.
   234 | D:1      | Found Licwuos's Magic Scroll Shoppe.
   292 | D:1      | Found Cuajeh's Weapon Shoppe.
   380 | D:1      | Reached XP level 2. HP: 27/27 MP: 1/1
   437 | D:1      | Found Luegen's Book Boutique.
   812 | D:2      | Noticed Robin
   877 | D:2      | Reached skill level 3 in Axes
  1116 | D:2      | Reached XP level 3. HP: 33/33 MP: 2/2
  1217 | D:1      | Bought a scroll of identify for 20 gold pieces
  1655 | D:2      | Killed Robin
  1662 | D:2      | Reached XP level 4. HP: 40/41 MP: 3/3
  1674 | D:2      | Found a faded altar of an unknown god.
  1996 | D:3      | Noticed Sigmund
  2008 | D:3      | HP: 2/41 [poisoned by Sigmund]
  2011 | D:3      | Killed Sigmund
  2012 | D:3      | Reached skill level 5 in Axes
  2012 | D:3      | Reached skill level 5 in Armour
  2012 | D:3      | Reached XP level 5. HP: 16/47 MP: 4/4
  2374 | D:3      | Found a shadowy altar of Dithmenos.
  2465 | D:3      | Found an opulent altar of Gozag.
  2777 | D:3      | Reached XP level 6. HP: 49/55 MP: 5/5
  3424 | D:4      | Found a shimmering altar of Xom.
  3483 | D:4      | Reached skill level 5 in Fighting
  3666 | D:4      | Reached skill level 6 in Axes
  3799 | D:4      | Found a radiant altar of Vehumet.
  4302 | D:5      | Entered Level 5 of the Dungeon
  4309 | D:5      | Reached XP level 7. HP: 57/61 MP: 6/6
  4498 | D:5      | Reached skill level 7 in Axes
  4866 | D:5      | Reached skill level 8 in Axes
  4878 | D:5      | Noticed Grinder
  5489 | D:5      | Noticed Pikel
  5611 | D:4      | HP: 1/61 [lemure[Pikel] (6)]
  5618 | D:4      | HP: 3/93 [lemure[Pikel] (1)]
  5619 | D:4      | HP: 1/93 [lemure[Pikel] (2)]
  5626 | D:4      | Slain by a lemure

Illustrated notes

Levels and vault maps discovered:
D:1:      dpeg_arrival_line_fractal, layout_basic, serial_shops, shop,
          nicolae_shop_trees, shop, nicolae_shop_waterfront
D:2:      minmay_chambers_of_ones, layout_loops_cross,
          chequers_ecumenical_altar_island, uniq_robin
D:3:      layout_basic, overflow_temple_1_default, lemuel_doored_altar,
          skrybe_limestone_x, uniq_sigmund
D:4:      layout_basic, vehumet_crystals, pf_just_have_faith, minmay_surrounded
D:5:      layout_cave_pools, uniq_grinder, uniq_pikel, uniq_duvessa

Skill      XL: |  1  2  3  4  5  6  7 |
---------------+----------------------+-----
Fighting       | 4 5 6 |  6.0
Armour         | 4 5 6 |  6.8
Axes           | 3 5 6 8 |  8.1
Throwing       | |  0.6
Shields        | |  3.6

Action                   |  1- 3 |  4- 6 |  7- 9 || total
-------------------------+-------+-------+-------++-------
Melee: War axe           |    76 |   133 |    56 ||   265
       Headbutt          |     5 |    12 |    10 ||    27
Throw: Stone             |     5 |       |       ||     5
       Throwing net      |       |     1 |       ||     1
  Use: Potion            |     2 |     2 |     4 ||     8
       Scroll            |     2 |     3 |       ||     5
Armor: Scale mail        |    46 |    54 |       ||   100
       Chain mail        |       |       |    39 ||    39
       Skin              |       |       |    22 ||    22
Dodge: Dodged            |    29 |    53 |    25 ||   107
Block: Buckler           |    20 |    23 |    25 ||    68
